 Dungeon Crawl Stone Soup version 0.31.0 (webtiles) character file.

Game seed: 8986638185412609996

20 Eitelfritz the Magician (level 2, -1/19 HPs)
             Began as a Demonspawn Hedge Wizard on Jan 19, 2024.
             Slain by a gnoll
             ... wielding a +0 flail
              (12 damage)
             ... on level 1 of the Dungeon.
             The game lasted 00:02:01 (771 turns).

Eitelfritz the Magician (Demonspawn Hedge Wizard)    Turns: 771, Time: 00:02:02

Health: -1/19      AC:  2    Str: 10    XL:     2   Next: 58%
Magic:  5/6        EV: 12    Int: 14    God:
Gold:   9          SH:  0    Dex: 12    Spells: 6/8 levels left

rFire   . . .        e - +0 short sword
rCold   . . .        (no shield)
rNeg    . . .        b - +0 robe
rPois   .            c - +0 hat
rElec   .            (no cloak)
rCorr   .            (no gloves)
SInv    .            (no boots)
Will    .....        (no amulet)
Stlth   ++           (no ring)
HPRegen 0.23/turn    (no ring)
MPRegen 0.10/turn

%: no passive effects
@: no status effects
A: horns 1
a: no special abilities


You were on level 1 of the Dungeon.
You visited 1 branch of the dungeon, and saw 1 of its levels.

You collected 9 gold pieces.

Inventory:

Hand Weapons
 a - a +0 dagger
 e - a +0 short sword (weapon)
Armour
 b - a +0 robe (worn)
 c - a +0 hat (worn)
Scrolls
 f - a scroll of revelation {unknown}
Potions
 d - a potion of magic


   Skills:
 + Level 0.6 Short Blades
 + Level 1.8 Dodging
 + Level 1.8 Stealth
 + Level 3.5 Spellcasting
 + Level 1.0 Conjurations
 + Level 0.2 Hexes
 + Level 1.0 Summonings
 + Level 0.8 Translocations


You had 6 spell levels left.
You knew the following spells:

 Your Spells              Type           Power      Damage    Failure   Level
a - Magic Dart            Conj           20%        1d4       14%         1
b - Slow                  Hex            12%        N/A       19%         1

Your spell library contained the following spells:

 Spells                   Type           Power      Damage    Failure   Level
 Call Imp                 Summ           10%        N/A       21%         2
 Blink                    Tloc           8%         N/A       22%         2
 Cigotuvi's Dreadful Rot  Necr/Alch/Air  4%         N/A       30%         2
 Mephitic Cloud           Conj/Alch/Air  3%         N/A       47%         3


Dungeon Overview and Level Annotations

Branches:
Dungeon (1/15)

Altars:


Innate Abilities, Weirdness & Mutations

You have a pair of small horns on your head.


Message History

The bat barely misses you. The bat hits you.
Your magical contamination has completely faded away.
You hit the bat.
You kill the bat!
You see here a bat corpse.
You now have 9 gold pieces (gained 2).
Found a hat.
You see here a +0 hat.
A gnoll comes into view. It is wielding a +0 flail.
You see here a +0 hat.
The gnoll shouts!
Found a scroll labelled WUFRAW LYLLU.
The gnoll misses you.
Casting: Slow (safe; 19% risk of failure)
Confirm with . or Enter, or press ? or * to list all spells.
Aiming: Slow (safe; 19% risk of failure)
Press: ? - help, Shift-Dir - straight line, f - gnoll
Aim: a gnoll, wielding a +0 flail (chance to affect: 45%)
The gnoll seems to slow down.
The gnoll barely misses you.
You hit the gnoll.
The gnoll is lightly wounded.
The gnoll is no longer moving slowly.
The gnoll barely misses you.
You barely miss the gnoll.
The gnoll is lightly wounded.
The gnoll hits you with a +0 flail.
You hit the gnoll.
The gnoll is moderately wounded.
The gnoll closely misses you.
You hit the gnoll but do no damage.
The gnoll is moderately wounded.
The gnoll hits you with a +0 flail!
You hit the gnoll. You headbutt the gnoll.
The gnoll is almost dead.
The gnoll closely misses you.
You barely miss the gnoll.
The gnoll is almost dead.
The gnoll hits you with a +0 flail!
Ouch! That really hurt!
You die...

.. ..# #? #.# #.##.#
#....# #....# #....#
#...g# #. #@# ...
####.##.#######...
###
..................
..#
.###.#............
#.# # #............
#.# #
#..[..........###.#
#.#.............+....
#.#.............###.#
#......#####........#


You could see a gnoll.

Vanquished Creatures
  A dart slug (D:1)
  A bat (D:1)
  3 giant cockroaches (D:1)
  2 goblins (D:1)
  3 hobgoblins (D:1)
  A quokka (D:1)
  A ball python (D:1)
  A frilled lizard (D:1)
  2 kobolds (D:1)
15 creatures vanquished.

Notes
Turn   | Place    | Note
-------+----------+-------------------------------------------
     0 | D:1      | Eitelfritz the Demonspawn Hedge Wizard began the quest for
                  | the Orb.
     0 | D:1      | Reached XP level 1. HP: 13/13 MP: 4/4
     2 | D:1      | Learned a level 1 spell: Slow
   333 | D:1      | Gained mutation: You have a pair of small horns on your
                  | head. [demonic ancestry]
   333 | D:1      | Reached XP level 2. HP: 17/19 MP: 4/6
   771 | D:1      | Slain by a gnoll

Illustrated notes

Levels and vault maps discovered:
D:1:      dpeg_arrival_round_c, layout_basic

Action                     || total
---------------------------++-------
  Melee: Short sword       ||    76
         Dagger            ||    21
         Punch             ||     1
         Headbutt          ||     4
   Cast: Slow              ||    11
   Stab: Sleeping          ||     1
 Armour: Robe              ||    52
  Dodge: Dodged            ||    69
